 Dungeon Crawl Stone Soup version 0.17-a0-131-ga9cda9c (webtiles) character file.

95 xeno23 the Chiller (level 4, -1/32 HPs)
             Began as a Merfolk Ice Elementalist on Mar 24, 2015.
             Shot with an arrow by a centaur (2 damage)
             ... on level 3 of the Dungeon.
             The game lasted 00:10:53 (2043 turns).

xeno23 the Chiller (Merfolk Ice Elementalist)       Turns: 2043, Time: 00:10:53

Health: -1/32      AC:  8    Str:  8    XL:     4   Next: 66%
Magic:  5/8        EV: 13    Int: 15    God:
Gold:   146        SH:  0    Dex: 14    Spells: 3 memorised, 2 levels left

rFire  . . .     SeeInvis .     n - +0 spear
rCold  . . .     Clarity  .     a - +0 robe
rNeg   . . .     SustAb   .     (no shield)
rPois  +         Gourm    .     i - +0 helmet (curse)
rElec  .         Spirit   .     (no cloak)
rCorr  .         Warding  .     (no gloves)
rMut   .         Stasis   .     (no boots)
MR     .....                    (no amulet)
Stlth  ++........               (no ring)
                                m - ring of poison resistance

@: icy armour, not resistant to hostile enchantments, unstealthy
A: change form in water, swift swim
a: no special abilities


You were on level 3 of the Dungeon.
You were not hungry.

You visited 1 branch of the dungeon, and saw 3 of its levels.

You collected 146 gold pieces.

Inventory:

Hand weapons
 h - a +0 mace
 n - a +0 spear (weapon)
 p - a +1 dagger of electrocution
Armour
 a - a +0 robe (worn)
 i - a cursed +0 helmet (worn)
Jewellery
 m - a ring of poison resistance (left hand)
Scrolls
 d - 3 scrolls of magic mapping {unknown}
 e - 2 scrolls of identify {unknown}
 g - 3 scrolls of teleportation {unknown}
 l - a scroll of recharging {unknown}
Potions
 j - a potion of brilliance {unknown}
 k - a potion of restore abilities {unknown}
 q - a potion of invisibility {unknown}
 t - a potion of resistance {unknown}
 u - a potion of might {unknown}
Books
 b - a book of Frost

   Spells                             Type                      Level
   a - Freeze                         Ice                          1
   b - Throw Frost                    Conjuration/Ice              2
   c - Ozocubu's Armour               Charms/Ice                   3
   d - Throw Icicle                   Conjuration/Ice              4
   e - Summon Ice Beast               Ice/Summoning                4
   f - Condensation Shield            Ice                          4
 o - a book of Annihilations {highlevel, unknown}

   This book is beyond your current level of understanding.

   Spells                             Type                      Level
   a - Poison Arrow                   Conjuration/Poison           6
   b - Chain Lightning                Conjuration/Air              8
   c - Lehudib's Crystal Spear        Conjuration/Earth            8
   d - Glaciate                       Conjuration/Ice              9
   e - Fire Storm                     Conjuration/Fire             9
Comestibles
 c - 5 bread rations
 f - 2 meat rations
 r - 5 chunks of flesh
 s - a slice of pizza


   Skills:
 * Level 1.3 Fighting
 + Level 3.6 Dodging
 - Level 2.2 Stealth
 * Level 2.5 Spellcasting
 * Level 1.5 Conjurations
 * Level 0.7 Charms
 + Level 4.1 Ice Magic


You had 2 spell levels left.
You knew the following spells:

 Your Spells              Type           Power        Failure   Level  Hunger
a - Freeze                Ice            ##..         4%          1    #......
b - Ozocubu's Armour      Chrm/Ice       #.......     24%         3    ###....
q - Throw Frost           Conj/Ice       ##....       12%         2    ###....


Dungeon Overview and Level Annotations

Branches:
Dungeon (3/15)

Altars:
Cheibriados
Qazlal
The Shining One


Message History

You freeze the giant cockroach.
You kill the giant cockroach!
You see here a giant cockroach corpse.
You butcher the giant cockroach corpse.
r - 5 chunks of flesh (gained 1)
A quokka comes into view.
You see here a scroll labeled UPTOUN LUATHOS.
A centaur comes into view.
The centaur shouts!
Casting: Freeze
Confirm with . or Enter, or press ? or * to list all spells.
A film of ice covers your body!
The centaur wields a runed shortbow.
It bursts into flame!
The centaur shoots an arrow.
The arrow hits you! The arrow burns you.
The quokka bites you but does no damage.
The heat melts your icy armour.
The centaur shoots an arrow.
The arrow hits you!
* * * LOW HITPOINT WARNING * * *
The arrow burns you.
You die...

.... #.........#
.#..
###.#......# . .
#.._.......#
......#.#......#
##............#
##..........##
##.......?..#
........(r..###
##.......@....#
#........##....#
....%...## .....
...c..?.# ....!
.......# ..
......# ......
..... .


You could see a centaur and a quokka.

Vanquished Creatures
  3 adders
  3 worms
  2 giant geckos (D:1)
  An ooze (D:1)
  7 bats
  2 giant cockroaches
  7 goblins
  5 hobgoblins
  3 jackals (D:2)
  4 giant newts (D:1)
  4 kobolds
  8 rats
49 creatures vanquished.

Notes
Turn   | Place    | Note
--------------------------------------------------------------
     0 | D:1      | xeno23, the Merfolk Ice Elementalist, began the quest for the Orb.
     0 | D:1      | Reached XP level 1. HP: 13/13 MP: 3/3
   150 | D:1      | Reached XP level 2. HP: 14/19 MP: 0/4
   154 | D:1      | Learned a level 2 spell: Throw Frost
   925 | D:1      | Reached XP level 3. HP: 23/25 MP: 6/6
  1089 | D:2      | Reached skill level 1 in Conjurations
  1137 | D:2      | Learned a level 3 spell: Ozocubu's Armour
  1157 | D:2      | Found a snail-covered altar of Cheibriados.
  1171 | D:2      | Reached skill level 1 in Fighting
  1547 | D:2      | Reached XP level 4. HP: 30/32 MP: 2/8
  1770 | D:2      | Reached skill level 4 in Ice Magic
  1934 | D:3      | Found a glowing golden altar of the Shining One.
  1977 | D:3      | Found a stormy altar of Qazlal.
  2041 | D:3      | Noticed a centaur
  2043 | D:3      | HP: 1/32 [centaur/arrow (12)]
  2043 | D:3      | Shot with an arrow by a centaur

Action                   |  1- 3 |  4- 6 || total
-------------------------+-------+-------++-------
Melee: Unarmed           |    61 |       ||    61
       Spear             |    28 |    55 ||    83
       Mace              |    19 |       ||    19
       Dagger            |     4 |     8 ||    12
 Cast: Freeze            |    25 |     4 ||    29
       Throw Frost       |     4 |     7 ||    11
       Ozocubu's Armour  |     1 |     1 ||     2
 Stab: Sleeping          |     1 |     1 ||     2
  Eat: Chunk             |     2 |     3 ||     5
